 Dungeon Crawl Stone Soup version 0.23.0-3-gf3c87f2 (webtiles) character file.

Game seed: 5150164492620283628

2486 zishaf the Cutter (level 9, 0/55 HPs)
             Began as a Kobold Artificer on Feb 22, 2019.
             Was a Follower of Uskayaw.
             Slain by Joseph
             ... wielding a +0 quarterstaff
              (10 damage)
             ... on level 7 of the Dungeon.
             The game lasted 00:15:58 (8690 turns).

zishaf the Cutter (Kobold Artificer)                Turns: 8690, Time: 00:15:59

Health: 0/55       AC: 12    Str: 13    XL:     9   Next: 81%
Magic:  13/13      EV: 14    Int: 12    God:    Uskayaw [*.....]
Gold:   287        SH:  0    Dex: 15    Spells: 8/8 levels left

rFire    . . .     SeeInvis .   a - +0 rapier
rCold    + . .     Gourm    .   (shield restricted)
rNeg     . . .     Faith    .   c - +2 scale mail {MR+}
rPois    .         Spirit   .   x - +0 helmet (curse)
rElec    .         Reflect  .   G - +0 cloak
rCorr    .         Harm     .   h - +0 pair of gloves
MR       ++...                  (no boots)
Stlth    +++.......             I - amulet of magic regeneration
HPRegen  0.18/turn              l - ring of protection from cold
MPRegen  0.38/turn              y - ring of protection from magic

@: hasted, very quick
A: small, camouflage 1, carnivore, sense surroundings 1, wild magic 1
a: Stomp, Renounce Religion


You were on level 7 of the Dungeon.
You worshipped Uskayaw.
Uskayaw was noncommittal.
You were very full.

You visited 2 branches of the dungeon, and saw 8 of its levels.

You collected 287 gold pieces.

Inventory:

Hand Weapons
 a - a +0 rapier (weapon)
 b - a +0 hunting sling
 i - a +0 short sword
 D - a +0 blowgun
Missiles
 j - 124 stones (quivered)
 k - 45 sling bullets
 A - 5 needles of confusion
 C - 8 tomahawks
Armour
 c - a +2 scale mail of magic resistance (worn)
 h - a +0 pair of gloves (worn)
 x - a cursed +0 helmet (worn)
 G - a +0 cloak (worn)
Jewellery
 l - a ring of protection from cold (left hand)
 y - a ring of protection from magic (right hand)
 I - an amulet of magic regeneration (around neck)
Wands
 d - a wand of enslavement (15)
 e - a wand of random effects (15)
 s - a wand of clouds (6)
Scrolls
 g - a scroll of random uselessness {unknown}
 p - 2 scrolls of blinking {unknown}
 q - a scroll of fog {unknown}
 r - 2 scrolls of magic mapping {unknown}
 t - 2 scrolls of teleportation {unknown}
 v - 2 scrolls of fear {unknown}
 w - a scroll of immolation {unknown}
 z - a scroll of amnesia {unknown}
 B - 2 scrolls of enchant weapon {unknown}
 E - 3 scrolls of remove curse {unknown}
 J - a scroll of identify
Potions
 m - a potion of flight
 o - 7 potions of curing
 u - a potion of brilliance {unknown}
 F - a potion of lignification
 H - 2 potions of agility {unknown}
Comestibles
 f - 12 rations


   Skills:
 + Level 5.8 Fighting
 + Level 6.9 Short Blades
 + Level 4.0 Armour
 - Level 5.0 Dodging
 - Level 6.0 Stealth
 * Level 6.4 Invocations
 - Level 5.0 Evocations


You had 8 spell levels left.
You didn't know any spells.
Your spell library was empty.

Dungeon Overview and Level Annotations

Branches:
Dungeon (7/15)             Temple (1/1) D:4

Altars:
Dithmenos
Elyvilon
Fedhas
Hepliaklqana
Kikubaaqudgha
Makhleb
Nemelex Xobeh
Okawaru
Qazlal
Trog
Uskayaw
Vehumet
Wu Jian
Xom
Yredelemnul
Zin

Shops:
D:5 (

Annotations:
D:7 Joseph


Innate Abilities, Weirdness & Mutations

You are small and have problems with some larger weapons.
You are carnivorous and can eat meat at any time.
Your skin changes colour to match your surroundings (Stealth+).
You passively map a small area around you.
Your spells are a little harder to cast, but a little more powerful.


Message History

Joseph hits you with a +0 quarterstaff.
You barely miss the orc wizard. The orc wizard barely misses you.
The orc priest barely misses you. Joseph hits you with a +0 quarterstaff!
The orc wizard points at you and mumbles some strange words.
The puff of flame misses you.
You barely miss the orc wizard.
The orc wizard gestures at you while chanting.
The puff of frost hits you but does no damage.
The orc priest hits you with a +0 hand axe.
* * * LOW HITPOINT WARNING * * *
The worker ant bites you.
* * * LOW HITPOINT WARNING * * *
You hit the worker ant but do no damage.
Joseph closely misses you. The orc wizard closely misses you.
You can no longer pass through a line of other dancers.
You feel yourself speed up. The worker ant closely misses you.
The orc wizard hits you but does no damage.
The orc priest hits you but does no damage.
Joseph hits you with a +0 quarterstaff!
You die...

* , , *...#....#/.... ,
.......#...... *
......#...... , , *
........... *
**#..........,, , ,
#..[....# *....., ,
##.oa@...# #...... ,
#..)@o...+......... ,
#........##.......###
#........##.......... ,
*
*#....................
.......................
.....#####.............
, ...... #.............
...... ####............
.... ...............##


You could see Joseph, a worker ant, an orc priest and an orc wizard.

Vanquished Creatures
  Pikel (D:5)
  The ghost of PixelatedCat the Slasher, an amateur HuMo (D:3)
  Edmund (D:5)
  An orc warrior (D:6)
  A black bear (D:6)
  3 slaves (D:5)
  3 sky beasts
  An ice beast (D:6)
  2 centaurs (D:6)
  3 bullfrogs (D:6)
  Blork the orc (D:5)
  2 scorpions (D:4)
  2 howler monkeys
  A crimson imp (D:6)
  A bullfrog zombie (D:6)
  A hound (D:6)
  Crazy Yiuf (D:4)
  3 orc priests
  A bullfrog skeleton (D:6)
  A centaur skeleton (D:6)
  Jessica (D:3)
  Terence (D:3)
  2 iguanas (D:6)
  4 orc wizards
  A worker ant (D:4)
  A hound skeleton (D:5)
  5 adders
  A howler monkey skeleton (D:4)
  2 oozes (D:1)
  3 adder skeletons
  An adder zombie (D:6)
  3 worms (D:4)
  A dart slug (D:5)
  A leopard gecko (D:2)
  24 orcs
  7 bats
  10 giant cockroaches
  3 goblins
  7 hobgoblins
  3 jackals (D:1)
  7 kobolds
  5 quokkas
  5 frilled lizards
  3 rats
132 creatures vanquished.

Vanquished Creatures (others)
  2 orcs (D:5)
2 creatures vanquished.

Grand Total: 134 creatures vanquished

Notes
Turn   | Place    | Note
-------+----------+-------------------------------------------
     0 | D:1      | zishaf the Kobold Artificer began the quest for the Orb.
     0 | D:1      | Reached XP level 1. HP: 12/12 MP: 3/3
   117 | D:1      | Reached XP level 2. HP: 8/16 MP: 4/4
   540 | D:1      | Reached XP level 3. HP: 20/20 MP: 5/5
  1081 | D:1      | Found a sparkling altar of Nemelex Xobeh.
  1495 | D:2      | Reached XP level 4. HP: 26/26 MP: 7/7
  2187 | D:3      | Noticed Terence
  2194 | D:3      | Killed Terence
  2218 | D:3      | Noticed Jessica
  2222 | D:3      | Killed Jessica
  2222 | D:3      | Reached XP level 5. HP: 30/30 MP: 8/8
  2351 | D:3      | Reached skill level 1 in Armour
  2609 | D:3      | Found a large runed translucent door.
  2611 | D:3      | Found a large runed translucent door.
  2613 | D:3      | Noticed PixelatedCat's ghost (amateur HuMo)
  3081 | D:3      | Killed PixelatedCat's ghost
  3081 | D:3      | Reached XP level 6. HP: 19/36 MP: 9/9
  3508 | D:4      | Reached XP level 7. HP: 37/41 MP: 10/10
  3566 | D:4      | Reached skill level 5 in Evocations
  3587 | D:4      | Found a basalt altar of Yredelemnul.
  3587 | D:4      | Found a blossoming altar of Fedhas.
  3588 | D:4      | Found a sparkling altar of Nemelex Xobeh.
  4442 | D:4      | Found a staircase to the Ecumenical Temple.
  4449 | Temple   | Entered the Ecumenical Temple
  4581 | Temple   | Became a worshipper of Uskayaw the Reveler
  4644 | D:4      | Reached * piety under Uskayaw
  4748 | D:4      | Found a runed translucent door.
  4749 | D:4      | Noticed Crazy Yiuf
  4944 | D:4      | Reached ** piety under Uskayaw
  5174 | D:4      | Killed Crazy Yiuf
  5218 | D:5      | Entered Level 5 of the Dungeon
  5230 | D:5      | Reached skill level 5 in Stealth
  5230 | D:5      | Reached skill level 1 in Invocations
  5230 | D:5      | Reached XP level 8. HP: 29/48 MP: 11/11
  5363 | D:5      | Noticed Edmund
  5379 | D:5      | Killed Edmund
  5382 | D:5      | Reached *** piety under Uskayaw
  5484 | D:5      | Found Kadoraud's Weapon Boutique.
  5680 | D:5      | Reached skill level 5 in Dodging
  5816 | D:5      | Noticed Blork the orc
  5847 | D:5      | Killed Blork the orc
  5925 | D:5      | Noticed Pikel
  6265 | D:5      | Killed Pikel
  6265 | D:5      | Reached skill level 5 in Short Blades
  6365 | D:5      | Found a hazy altar of Hepliaklqana.
  6461 | D:6      | Reached XP level 9. HP: 30/52 MP: 12/12
  6621 | D:6      | Found a shimmering altar of Xom.
  6739 | D:6      | Gained mutation: Your spells are a little harder to cast,
                  | but a little more powerful. [potion of mutation]
  6739 | D:6      | Gained mutation: You passively map a small area around you.
                  | [potion of mutation]
  6739 | D:6      | Gained mutation: Your skin changes colour to match your
                  | surroundings (Stealth+). [potion of mutation]
  6923 | D:6      | Reached skill level 5 in Fighting
  6966 | D:5      | Reached skill level 5 in Invocations
  7250 | D:6      | Reached **** piety under Uskayaw
  8676 | D:7      | Noticed Joseph
  8690 | D:7      | Slain by Joseph

Skill      XL: |  1  2  3  4  5  6  7  8  9 |
---------------+----------------------------+-----
Stealth        | 2 3 4 5 6 |  6.0
Short Blades   | 2 3 4 5 6 |  6.9
Evocations     | 4 5 |  5.0
Dodging        | 3 4 5 |  5.0
Fighting       | 2 3 4 5 |  5.8
Armour         | 1 2 3 4 |  4.0
Invocations    | 1 4 6 |  6.4

Action                   |  1- 3 |  4- 6 |  7- 9 || total
-------------------------+-------+-------+-------++-------
Melee: Short sword       |   149 |    73 |   416 ||   638
       Rapier            |       |       |   131 ||   131
 Fire: Hunting sling     |       |    53 |    92 ||   145
       Blowgun           |       |       |     2 ||     2
Invok: Stomp             |       |       |     4 ||     4
       Line Pass         |       |       |     1 ||     1
Evoke: Wand              |       |    11 |    18 ||    29
  Use: Scroll            |       |       |     5 ||     5
       Potion            |       |       |     2 ||     2
 Stab: Sleeping          |     3 |     1 |     3 ||     7
       Paralysed         |       |       |     6 ||     6
  Eat: Chunk             |    10 |     5 |    18 ||    33
Armor: Leather armour    |    36 |       |       ||    36
       Ring mail         |    26 |    22 |    12 ||    60
       Scale mail        |       |       |   175 ||   175
Dodge: Dodged            |   133 |    49 |   342 ||   524
